 Dungeon Crawl Stone Soup version 0.21.1-1-g345015f (webtiles) character file.

100 voodoowoodoo the Skirmisher (level 5, -2/42 HPs)
             Began as a Human Fighter on June 4, 2018.
             Slain by Jaiteiro's ghost (10 damage)
             ... on level 3 of the Dungeon.
             The game lasted 00:16:53 (2337 turns).

voodoowoodoo the Skirmisher (Human Fighter)         Turns: 2337, Time: 00:16:53

Health: -2/42      AC:  9    Str: 17    XL:     5   Next: 3%
Magic:  5/5        EV:  7    Int:  9    God:
Gold:   128        SH: 10    Dex: 12    Spells: 4/4 levels left

rFire    . . .     SeeInvis .   a - +0 long sword
rCold    . . .     Gourm    .   c - +1 shield
rNeg     . . .     Faith    .   b - +0 scale mail
rPois    .         Spirit   .   p - +0 helmet
rElec    .         Reflect  .   (no cloak)
rCorr    +         Harm     .   g - +0 pair of gloves
MR       .....                  (no boots)
Stlth    ..........             (no amulet)
HPRegen  0.14/turn              e - ring of resist corrosion
MPRegen  0.09/turn              (no ring)

@: no status effects
A: no striking features
a: no special abilities


You were on level 3 of the Dungeon.
You were not hungry.

You visited 1 branch of the dungeon, and saw 3 of its levels.

You collected 128 gold pieces.

Inventory:

Hand Weapons
 a - a +0 long sword (weapon)
 r - a +2 flail of holy wrath
Armour
 b - a +0 scale mail (worn)
 c - a +1 shield (worn)
 g - a +0 pair of gloves (worn)
 p - a +0 helmet (worn)
Jewellery
 e - a ring of resist corrosion (left hand)
 h - an uncursed amulet of faith
 q - an uncursed ring of magical power
Scrolls
 k - 2 scrolls of fog
 o - a scroll of magic mapping
 u - a scroll of blinking {unknown}
Potions
 d - a potion of might
 f - a potion of lignification {unknown}
 i - 2 potions of mutation {unknown}
 j - 2 potions of haste {unknown}
 l - 2 potions of flight {unknown}
 n - a potion of ambrosia {unknown}
 t - a potion of magic {unknown}
Comestibles
 m - 3 chunks of flesh
 s - 2 rations


   Skills:
 * Level 3.9 Fighting
 * Level 3.2 Long Blades
 + Level 3.4 Armour
 + Level 3.4 Shields


You had 4 spell levels left.
You didn't know any spells.

Dungeon Overview and Level Annotations

Branches:
Dungeon (3/15)

Altars:

Annotations:
D:3 Jaiteiro's ghost, amateur MiFi


Message History

Jaiteiro's ghost is heavily damaged.
The orc closely misses you.
You riposte.
You closely miss the orc. Jaiteiro's ghost hits you.
You block the orc's attack.
Your shield and scale mail prevent you from hitting Jaiteiro's ghost.
Jaiteiro's ghost is heavily damaged.
Jaiteiro's ghost hits you! The orc hits you but does no damage.
Jaiteiro's ghost hits you.
You hit Jaiteiro's ghost but do no damage.
Jaiteiro's ghost is heavily damaged.
You block the orc's attack. Jaiteiro's ghost hits you!
* * * LOW HITPOINT WARNING * * *
You slash Jaiteiro's ghost!
Jaiteiro's ghost is severely damaged.
The orc hits you but does no damage. You block Jaiteiro's ghost's attack.
You block the orc's attack.
You slash Jaiteiro's ghost!
Jaiteiro's ghost is almost destroyed.
You block Jaiteiro's ghost's attack. The orc barely misses you.
Jaiteiro's ghost hits you!
You die...

#..####..............##
#...# ##.....#......##
##..##########..##### #.
...<...# #..# ###..
........# #..# ....
........# ##†###..#
.........######......###.
.........................
.......##.......@.......>
#####.#.........Wo.......
.............>......
....................
.##.................
#.....<...........
#.................
...................
#...................


You could see Jaiteiro's ghost and an orc.

Vanquished Creatures
  3 adders
  2 oozes
  A worm (D:2)
  A dart slug (D:1)
  3 leopard geckos
  An orc (D:3)
  3 giant cockroaches (D:1)
  3 goblins
  8 hobgoblins
  11 kobolds
  A ball python (D:1)
  5 bats
  5 frilled lizards
  8 rats
55 creatures vanquished.

Notes
Turn   | Place    | Note
-------+----------+-------------------------------------------
     0 | D:1      | voodoowoodoo the Human Fighter began the quest for the Orb.
     0 | D:1      | Reached XP level 1. HP: 18/18 MP: 1/1
    62 | D:1      | Reached XP level 2. HP: 24/24 MP: 2/2
   363 | D:1      | Reached XP level 3. HP: 13/29 MP: 3/3
  1348 | D:2      | Reached XP level 4. HP: 28/35 MP: 4/4
  2178 | D:3      | Reached XP level 5. HP: 31/42 MP: 5/5
  2320 | D:3      | Noticed Jaiteiro's ghost (amateur MiFi)
  2337 | D:3      | Slain by Jaiteiro's ghost

Skill      XL: |  1  2  3  4 |
---------------+-------------+-----
Long Blades    | 3 |  3.2
Fighting       | |  3.9
Armour         | |  3.4
Shields        | |  3.4

Action                   |  1- 3 |  4- 6 || total
-------------------------+-------+-------++-------
Melee: Long sword        |   112 |    96 ||   208
  Use: Scroll            |     4 |     5 ||     9
  Eat: Ration            |     1 |       ||     1
       Chunk             |       |     2 ||     2
Armor: Scale mail        |    65 |    44 ||   109
Dodge: Dodged            |    50 |    20 ||    70
Block: Shield            |    61 |    67 ||   128
       Rpst.: Long sword |    15 |     8 ||    23
